 Dungeon Crawl Stone Soup version 0.19-a0-644-gd04d753 (webtiles) character file.

182 Skanax the Firebug (level 5, -30/39 HPs)
             Began as a Draconian Fire Elementalist on June 14, 2016.
             Engulfed by a cloud of flame (35 damage)
             ... on level 2 of the Dungeon.
             The game lasted 00:11:54 (2320 turns).

Skanax the Firebug (Draconian Fire Elementalist)    Turns: 2320, Time: 00:11:56

Health: -30/39     AC:  6    Str: 10    XL:     5   Next: 35%
Magic:  0/10       EV: 12    Int: 16    God:
Gold:   74         SH:  0    Dex: 12    Spells: 3 memorised, 4 levels left

rFire  . . .     SeeInvis .     c - +1 dagger (venom)
rCold  . . .     Gourm    .     (armour unavailable)
rNeg   . . .     Faith    .     (no shield)
rPois  .         Spirit   .     (helmet restricted)
rElec  .         Dismiss  .     (no cloak)
rCorr  .         Reflect  .     d - +0 pair of gloves
SustAt .         Harm     .     (no boots)
MR     .....     Clarity  +     (no amulet)
Stlth  ++........               (no ring)
                                (no ring)

@: very slightly contaminated, slowed, very slow, not resistant to hostile
enchantments, unstealthy
A: unfitting armour, clarity, cold-blooded, AC +5
a: no special abilities


You were on level 2 of the Dungeon.
You were not hungry.

You visited 1 branch of the dungeon, and saw 3 of its levels.

You collected 74 gold pieces.

Inventory:

Hand Weapons
 c - a +1 dagger of venom (weapon)
 e - a +0 dagger
Missiles
 j - 5 javelins of penetration (quivered)
Armour
 d - a +0 pair of gloves (worn)
Scrolls
 h - a scroll of teleportation
 i - a scroll of identify
Books
 a - a book of Flames

   Spells                             Type                      Level
   a - Flame Tongue                   Conjuration/Fire             1
   b - Throw Flame                    Conjuration/Fire             2
   c - Conjure Flame                  Conjuration/Fire             3
   d - Inner Flame                    Hexes/Fire                   3
   e - Sticky Flame                   Conjuration/Fire             4
   f - Fireball                       Conjuration/Fire             5
Comestibles
 b - a chunk of flesh
 f - a meat ration
 g - a bread ration


   Skills:
 + Level 0.7 Fighting
 + Level 0.2 Short Blades
 + Level 2.2 Dodging
 + Level 2.3 Stealth
 + Level 3.3 Spellcasting
 + Level 2.2 Conjurations
 + Level 4.0 Fire Magic


You had 4 spell levels left.
You knew the following spells:

 Your Spells              Type           Power        Failure   Level  Hunger
a - Flame Tongue          Conj/Fire      ##...        8%          1    None
b - Throw Flame           Conj/Fire      ##....       10%         2    ##.....
c - Inner Flame           Hex/Fire       #.......     28%         3    ###....


Dungeon Overview and Level Annotations

Branches:
Dungeon (3/15)

Altars:
Dithmenos
Gozag

Annotations:
D:2 Robin


Innate Abilities, Weirdness & Mutations

Your plain brown scales are hard. (AC +5)
Your body does not fit into most forms of armour.
You are cold-blooded and may be slowed by cold attacks.
You possess an exceptional clarity of mind.


Message History

The crimson imp hits you but does no damage.
Natasha closely misses you.
Casting: Flame Tongue
Confirm with . or Enter, or press ? or * to list all spells.
Aiming: Flame Tongue
Press: ? - help, Shift-Dir - straight line, f/p - Natasha
Aim: Natasha (heavily wounded, poisoned, inner flame)
The flame tongue hits Natasha.
Natasha explodes!
The fiery explosion engulfs you!
Ouch! That really hurt!
* * * LOW HITPOINT WARNING * * *
The fiery explosion engulfs the crimson imp.
The crimson imp completely resists.
The fiery explosion engulfs the shadow imp.
You kill the shadow imp!
You feel Natasha's spirit has finally been put to rest.
You are engulfed in roaring flames.
Ouch! That really hurt!
You die...

########## ###
#........# #..
#........# #..
#§§§.....# #..
##.§@.....#########..
#.§5§................
#..........##########
#..........#
#.########## #.# #.#
#.# ...


You could see a crimson imp.

Vanquished Creatures
  An orc wizard (D:3)
  Natasha (thrice) (D:2)
  3 adders
  A worm (D:2)
  A dart slug (D:1)
  3 giant geckos
  3 orcs (D:3)
  A giant cockroach (D:3)
  9 goblins
  3 hobgoblins (D:1)
  3 jackals (D:3)
  3 bats
  4 giant newts
  3 kobolds
  4 rats
45 creatures vanquished.

Notes
Turn   | Place    | Note
--------------------------------------------------------------
     0 | D:1      | Skanax the Draconian Fire Elementalist began the quest for the Orb.
     0 | D:1      | Reached XP level 1. HP: 14/14 MP: 3/3
   403 | D:1      | Reached XP level 2. HP: 20/20 MP: 1/5
   414 | D:1      | Learned a level 2 spell: Throw Flame
   998 | D:2      | Noticed Robin
  1084 | D:2      | Found an opulent altar of Gozag.
  1139 | D:3      | Reached XP level 3. HP: 26/26 MP: 0/6
  1144 | D:3      | Learned a level 3 spell: Inner Flame
  1258 | D:3      | Gained mutation: You possess an exceptional clarity of mind. [potion of beneficial mutation]
  1312 | D:3      | Reached XP level 4. HP: 23/33 MP: 0/8
  1544 | D:3      | Found a shadowy altar of Dithmenos.
  1895 | D:2      | Noticed Natasha
  1900 | D:2      | Killed Natasha
  2006 | D:2      | Noticed Natasha
  2018 | D:2      | Killed Natasha
  2018 | D:2      | Reached skill level 4 in Fire Magic
  2018 | D:2      | Reached XP level 5. HP: 34/39 MP: 0/9
  2308 | D:2      | Noticed Natasha
  2320 | D:2      | Killed Natasha
  2320 | D:2      | Engulfed by a cloud of flame

Vault maps used:
D:1:      dpeg_arrival_shrine
D:2:      lemuel_upstairs_altar, first_bread, uniq_iyjb, uniq_robin,
          uniq_natasha
D:3:      lemuel_doored_altar

Skill      XL: |  1  2  3  4 |
---------------+-------------+-----
Stealth        | 2 |  2.3
Conjurations   | 2 |  2.2
Spellcasting   | 3 |  3.3
Dodging        | 2 |  2.2
Fire Magic     | 4 |  4.0
Fighting       | |  0.7
Short Blades   | |  0.2

Action                   |  1- 3 |  4- 6 || total
-------------------------+-------+-------++-------
Melee: Unarmed           |     6 |       ||     6
       Dagger            |     9 |     9 ||    18
       Tailslap          |     2 |       ||     2
Throw: Javelin           |       |     1 ||     1
 Cast: Flame Tongue      |    27 |    19 ||    46
       Throw Flame       |    13 |    16 ||    29
       Inner Flame       |     1 |     2 ||     3
  Use: Scroll            |     5 |     2 ||     7
       Potion            |     3 |     1 ||     4
  Eat: Chunk             |     1 |     1 ||     2
       Bread ration      |     1 |       ||     1
Armor: Skin              |    16 |    10 ||    26
Dodge: Dodged            |    15 |    15 ||    30
